 Dungeon Crawl Stone Soup version 0.27-a0-1519-gc8121b24ce (webtiles) character file.

Game seed: 560769793161867174

182 Froggeryz the Slasher (level 5, -1/41 HPs)
             Began as a Barachi Fighter on July 10, 2021.
             Slain by Duvessa (7 damage)
             ... on level 5 of the Dungeon.
             The game lasted 00:03:03 (3113 turns).

Froggeryz the Slasher (Barachi Fighter)             Turns: 3113, Time: 00:03:03

Health: -1/41      AC: 10    Str: 24    XL:     5   Next: 61%
Magic:  5/5        EV:  7    Int:  8    God:
Gold:   129        SH:  9    Dex: 12    Spells: 4/4 levels left

rFire    . . .     SeeInvis .   s - +0 falchion (vamp)
rCold    . . .     Faith    .   c - +0 kite shield
rNeg     . . .     Spirit   .   b - +0 scale mail
rPois    +         Reflect  .   j - +0 helmet
rElec    .         Harm     .   (no cloak)
rCorr    .         Rampage  .   t - +0 pair of gloves
Will     .....                  u - +0 pair of boots
Stlth    ..........             (no amulet)
HPRegen  0.13/turn              g - ring of poison resistance
MPRegen  0.09/turn              r - +6 ring of strength

@: slow
A: amphibious, slowness 1, strong legs 1, +LOS
a: Hop


You were on level 5 of the Dungeon.
You visited 1 branch of the dungeon, and saw 5 of its levels.

You collected 129 gold pieces.

Inventory:

Hand Weapons
 a - a +0 long sword
 m - a +2 short sword of venom
 s - a +0 vampiric falchion (weapon)
Missiles
 e - 4 boomerangs
 l - 15 poisoned darts (quivered)
 p - 4 atropa-tipped darts
Armour
 b - a +0 scale mail (worn)
 c - a +0 kite shield (worn)
 j - a +0 helmet (worn)
 t - a +0 pair of gloves (worn)
 u - a +0 pair of boots (worn)
Jewellery
 g - a ring of poison resistance (left hand)
 r - a +6 ring of strength (right hand)
Scrolls
 h - a scroll of blinking {unknown}
 i - a scroll of identify
 k - a scroll of teleportation {unknown}
 n - 2 scrolls of enchant weapon {unknown}
Potions
 d - 2 potions of might
 f - 4 potions of curing
 o - 2 potions of heal wounds {unknown}
 q - a potion of brilliance {unknown}


   Skills:
 - Level 3.6 Fighting
 * Level 5.7 Long Blades
 + Level 2.7 Throwing
 - Level 3.6 Armour
 - Level 3.2 Shields


You had 4 spell levels left.
You didn't know any spells.
Your spell library contained the following spells:

 Spells                   Type           Power      Damage    Failure   Level
 Freeze                   Ice            0%         1d3       99%         1
 Shock                    Conj/Air       0%         1d3       99%         1
 Frozen Ramparts          Ice            0%         1d2       100%        3
 Gell's Gravitas          Tloc           0%         N/A       100%        3
 Lesser Beckoning         Tloc           0%         N/A       100%        3
 Swiftness                Air            0%         N/A       100%        3
 Teleport Other           Tloc           0%         N/A       100%        3
 Airstrike                Air            0%         N/A       100%        4
 Hailstorm                Conj/Ice       0%         3d3       100%        4


Dungeon Overview and Level Annotations

Branches:
Dungeon (5/15)
 Temple: D:4-7

Altars:

Annotations:
D:5 Dowan, Duvessa


Innate Abilities, Weirdness & Mutations

You are amphibious.
You cover ground slowly.
You can hop short distances.
You have an extended range of vision and can be seen from far away.


Message History

Dowan is moderately wounded.
You block Duvessa's attack.
Dowan points at you and mumbles some strange words.
The puff of frost hits you.
You barely miss Dowan.
Dowan is moderately wounded.
You block Duvessa's attack. You block Dowan's attack.
Duvessa hits you with a +0 short sword!
You hit Dowan.
You feel better.
Dowan is severely wounded.
You block Dowan's attack.
Duvessa gestures with her weapon.
Duvessa hits you with a +0 short sword.
Dowan hits you with a +0 dagger of venom.
You hit Duvessa but do no damage. You block Duvessa's attack.
Dowan completely misses you.
You hit Duvessa.
You feel better.
Duvessa is lightly wounded.
Duvessa hits you with a +0 short sword. Dowan casts a spell at you.
The puff of frost hits you.
You hit Duvessa but do no damage.
Duvessa is lightly wounded.
Duvessa hits you but does no damage.
Dowan hits you with a +0 dagger of venom.
Duvessa hits you with a +0 short sword.
* * * LOW HITPOINT WARNING * * *
You hit Duvessa but do no damage.
Duvessa is lightly wounded.
Dowan hits you but does no damage. Duvessa barely misses you.
Dowan hits you with a +0 dagger of venom.
* * * LOW HITPOINT WARNING * * *
You block Duvessa's attack. You block Dowan's attack.
You climb downwards.
There is a stone staircase leading up here.
As you read the scroll labelled MARHING HENGE, it crumbles to dust.
It is a scroll of identify.
f - 4 potions of curing Duvessa hits you with a +0 short sword!
You die...

#.# ..? #.# #.#
#.# ###.# .#
...####..#.#
########ee.......#
(.((...†@..#
######.#)#.#
...............#
.#####.#.#!#####
#.....# #.#.###
#.#.# # #.# #.#


You could see Duvessa and Dowan.

Vanquished Creatures
  A scorpion (D:5)
  Robin (D:2)
  An adder (D:1)
  2 worms (D:3)
  3 dart slugs
  An orc (D:3)
  4 bats
  2 endoplasms
  2 giant cockroaches
  14 goblins
  6 hobgoblins
  11 jackals
  10 kobolds (D:2)
  3 quokkas
  5 ball pythons
  4 frilled lizards
  9 rats
79 creatures vanquished.

Vanquished Creatures (others)
  2 plants (D:2)
2 creatures vanquished.

Grand Total: 81 creatures vanquished

Notes
Turn   | Place    | Note
-------+----------+-------------------------------------------
     0 | D:1      | Froggeryz the Barachi Fighter began the quest for the Orb.
     0 | D:1      | Reached XP level 1. HP: 18/18 MP: 1/1
   244 | D:1      | Reached skill level 3 in Long Blades
   244 | D:1      | Reached XP level 2. HP: 24/24 MP: 2/2
   358 | D:1      | Reached skill level 1 in Throwing
   779 | D:1      | Reached XP level 3. HP: 21/29 MP: 3/3
  1109 | D:2      | Reached skill level 4 in Long Blades
  1133 | D:2      | Noticed Robin
  1757 | D:1      | Reached XP level 4. HP: 36/36 MP: 4/4
  1770 | D:2      | Killed Robin
  2402 | D:3      | Reached skill level 5 in Long Blades
  2625 | D:3      | Reached XP level 5. HP: 33/41 MP: 5/5
  2893 | D:4      | Noticed Duvessa
  2893 | D:4      | Noticed Dowan
  2912 | D:5      | Entered Level 5 of the Dungeon
  3113 | D:5      | Slain by Duvessa

Illustrated notes

Levels and vault maps discovered:
D:1:      dpeg_arrival_circle_labyrinth_a, layout_basic
D:2:      layout_rooms, lexackson_kobold_supper, uniq_robin
D:3:      layout_rooms
D:4:      layout_basic, elyvilon_altar_3, gammafunk_temple_overflow_wave,
          nicolae_wu_jian_immortal_techniques, temple_pool_b, uniq_duvessa
D:5:      layout_loops_ring, uniq_ijyb, uniq_blork_the_orc, uniq_eustachio

Skill      XL: |  1  2  3  4 |
---------------+-------------+-----
Long Blades    | 3 4 5 |  5.7
Throwing       | 1 2 |  2.7
Fighting       | |  3.6
Armour         | |  3.6
Shields        | |  3.2

Action                   |  1- 3 |  4- 6 || total
-------------------------+-------+-------++-------
Melee: Long sword        |   136 |    45 ||   181
       Short sword       |       |    52 ||    52
       Falchion          |       |    30 ||    30
Throw: Boomerang         |     1 |     3 ||     4
       Dart              |       |     3 ||     3
 Abil: Hop               |     1 |     1 ||     2
  Use: Scroll            |       |     1 ||     1
Armor: Scale mail        |    81 |    52 ||   133
Dodge: Dodged            |    58 |    34 ||    92
Block: Kite shield       |    98 |    64 ||   162
       Rpst.: Long sword |    26 |     3 ||    29
       Falchion          |       |     2 ||     2

Table legend: (Time is in decaauts)
 A = Elapsed time spent in this place.
 B = Non-inter-level travel time spent in this place.
 C = Inter-level travel time spent in this place.
 D = Time resting spent in this place.
 E = Time spent auto-exploring this place.
 F = Levels seen in this place.
 G = Mean time per level.
                   A        B        C        D        E       F      G
               +--------+--------+--------+--------+--------+-----+--------+
         Total |   3488 |   3450 |     38 |    954 |   1825 |   5 |  697.6 |
       Dungeon |   3488 |   3450 |     38 |    954 |   1825 |   5 |  697.6 |
               +--------+--------+--------+--------+--------+-----+--------+

Top non-repeatable levels by time:
     D:1: 1936 daAuts
     D:2: 662 daAuts
     D:3: 660 daAuts
     D:5: 195 daAuts
     D:4: 33 daAuts
